 Dungeon Crawl Stone Soup version 0.21.0-26-g889b8f6 (webtiles) character file.

111643 piemaster the Executioner (level 16, -1/152 HPs)
             Began as a Minotaur Berserker on Jan 27, 2018.
             Was the Champion of Trog.
             Shot with an arrow by a satyr (26 damage)
             ... on level 4 of the Shoals.
             The game lasted 01:42:33 (27090 turns).

piemaster the Executioner (Minotaur Berserker)     Turns: 27090, Time: 01:42:35

Health: -1/152     AC: 24    Str: 35    XL:     16   Next: 9%
Magic:  4/4        EV: 13    Int:  4    God:    Trog [******]
Gold:   2214       SH:  0    Dex: 12    Spells: 15/15 levels left

rFire    x . .     SeeInvis .   b - +7 battleaxe (flame)
rCold    + . .     Gourm    .   (shield currently unavailable)
rNeg     . . .     Faith    .   J - +0 plate armour
rPois    .         Spirit   .   (helmet restricted)
rElec    .         Reflect  .   E - +2 cloak
rCorr    .         Harm     .   v - +2 pair of gloves
MR       +++..                  (no boots)
Stlth    ..........             w - amulet of regeneration
HPRegen  2.15/turn              x - ring of protection from magic
MPRegen  0.09/turn              O - ring of Pitym {Ice MR- MP-9 Str+8 Stlth+}

@: barbed spikes, berserk cooldown, regenerating
A: retaliatory headbutt, horns 2, talons 1, low mp 1, regeneration 1, sturdy
frame 1
a: Berserk, Trog's Hand, Brothers in Arms, Burn Spellbooks, Renounce Religion


You were on level 4 of the Shoals.
You worshipped Trog.
Trog was exalted by your worship.
You were not hungry.

You visited 5 branches of the dungeon, and saw 27 of its levels.
You visited 1 bazaar.
You also visited: Ossuary and Ice Cave.

You collected 2714 gold pieces.
You spent 500 gold pieces at shops.

Inventory:

Hand Weapons
 b - a +7 battleaxe of flaming (weapon)
 l - a +3 battleaxe of venom
 T - a +3 executioner's axe of holy wrath
 X - a +4 battleaxe of freezing
 Z - a +4 war axe of chopping
Missiles
 a - 18 poisoned javelins
 N - 6 javelins of penetration (quivered)
Armour
 v - a +2 pair of gloves (worn)
 E - a +2 cloak (worn)
 J - a +0 plate armour (worn)
Jewellery
 u - an uncursed ring of protection from fire
 w - an amulet of regeneration (around neck)
 x - a ring of protection from magic (left hand)
 C - a +2 ring of dexterity
 L - an uncursed ring of see invisible
 O - the ring of Pitym (right hand) {Ice MR- MP-9 Str+8 Stlth+}
   (You found it in an ice cave)

   [ring of ice]

   It enhances your ice magic.
   It affects your strength (+8).
   It makes you vulnerable to fire.
   It protects you from cold.
   It affects your resistance to hostile enchantments.
   It affects your magic capacity (-9).
   It makes you more stealthy.
Wands
 d - a wand of iceblast (10)
 g - a wand of acid (20)
 o - a wand of disintegration (17)
 p - a wand of enslavement (38)
 y - a wand of polymorph (17)
 z - a wand of random effects (20)
 A - a wand of flame (76)
 F - a wand of paralysis (27)
 I - a wand of clouds (5)
 Y - a wand of digging (14)
Scrolls
 f - 4 scrolls of blinking
 h - a scroll of summoning
 i - 6 scrolls of remove curse
 j - 2 scrolls of teleportation
 k - 8 scrolls of enchant armour
 m - 19 scrolls of identify
 t - a scroll of brand weapon
 B - a scroll of holy word
 K - 4 scrolls of fear
 P - 3 scrolls of enchant weapon
Potions
 e - 3 potions of brilliance
 n - 3 potions of heal wounds
 q - 13 potions of curing
 r - 4 potions of might
 s - 2 potions of resistance
 D - 2 potions of ambrosia
 G - 4 potions of flight
 H - 3 potions of haste
 Q - a potion of berserk rage
 S - a potion of degeneration {unknown}
 W - a potion of mutation
Miscellaneous
 R - a lightning rod (4/4)
 V - a crystal ball of energy
Comestibles
 c - 30 rations
 U - 5 chunks of flesh


   Skills:
 + Level 16.5 Fighting
 * Level 21.8 Axes
 + Level 16.4 Armour
 + Level 8.2 Dodging


You had 15 spell levels left.
You didn't know any spells.

Dungeon Overview and Level Annotations

Branches:
Dungeon (15/15)            Temple (0/1) D:4            Lair (5/6) D:8
 Shoals (4/4) Lair:4        Snake (1/4) Lair:4        Slime (0/5) Lair:5
    Orc (2/2) D:10            Elf (0/3) Orc:2        Vaults (0/5) D:14
 Depths (0/5) D:15

Altars:
Cheibriados
Dithmenos
Fedhas
Hepliaklqana
Beogh
Jiyva

Shops:
D:9 (   D:13 [   D:14 *!   Orc:2 =([*

Portals:
Trove: D:14 (give +4 demon trident)


Innate Abilities, Weirdness & Mutations

You reflexively headbutt those who attack you in melee.
You have a pair of horns on your head.
You have sharp toenails.
Your magical capacity is low. (-10% MP)
Your natural rate of healing is unusually fast.
Your movements are slightly less encumbered by armour. (ER -2)


Message History

The satyr is severely wounded.
The satyr shoots an arrow.
The arrow completely misses you.
Your plate armour prevents you from hitting the satyr.
Your kick misses the satyr.
The satyr is severely wounded.
You barely miss the satyr. You claw the satyr. Your headbutt misses the satyr.
The satyr is severely wounded.
The satyr shoots an arrow.
The arrow hits you!!
* * * LOW HITPOINT WARNING * * *
Your plate armour prevents you from hitting the satyr.
You claw the satyr!
The satyr is almost dead.
You feel much better.
The satyr plays a frightful melody on his pipes!
The satyr radiates an aura of fear!
You resist with some effort.
Some of the chunks of flesh in your inventory have rotted away.
You miss the satyr. You claw the satyr.
The satyr is almost dead.
The satyr shoots an arrow.
The arrow hits you!!
You die...

###...≈≈≈≈≈≈.≈
......≈≈≈≈...
.≈≈.<..≈≈≈...
..≈≈.........
...≈≈.......
≈≈≈≈....... ####
≈≈≈≈.....[##...##
≈≈≈≈......#.....#
.≈≈...^...@c.)..#
.≈≈.......#.....#
.$.....<..##..(##
..........≈#####
..........P≈P≈≈
#......≈.P≈≈P≈≈
#..........≈≈≈P≈
+.≈........≈P≈≈P
#≈≈≈##+##...≈≈≈≈


You could see a satyr.

Vanquished Creatures
  Rupert (Lair:3)
  A frost giant (IceCv)
  Aizul (Shoals:3)
  An orc warlord (Orc:1)
  Nessos (Lair:5)
  A merfolk javelineer (Shoals:2)
  A merfolk impaler (Shoals:1)
  The ghost of loralnil the Fighter, a journeyman GrFi of the Shining One (D:12)
  The ghost of bmj180 the Carver, a journeyman MiFi of Okawaru (D:11)
  The ghost of Brandom the Carver, a journeyman DrSk of Okawaru (D:10)
  A vault guard (D:14)
  2 rakshasas
  Erolcha (Orc:2)
  9 hydras
  2 merfolk aquamancers (Shoals:2)
  2 merfolk avatars (Shoals:1)
  2 centaur warriors
  A satyr (Shoals:2)
  2 dancing weapons (D:14)
  A two-headed ogre (D:8)
  A two-headed ogre (shapeshifter) (D:14)
  4 orc high priests
  Sonja (Orc:2)
  3 sea snakes (Shoals:1)
  A glowing orange brain (D:15)
  A harpy (shapeshifter) (D:15)
  A naga ritualist (Lair:4)
  Pikel (D:9)
  5 orc knights
  8 orc sorcerers
  4 harpies (Shoals:2)
  8 fauns
  14 manticores
  A deep elf mage (D:12)
  10 ugly things
  6 elephants
  Joseph (Lair:1)
  4 water nymphs
  5 merfolk sirens
  2 gargoyles
  An ice statue (IceCv)
  5 black mambas
  5 spiny frogs
  2 torpor snails (Lair:1)
  2 kobold demonologists (D:13)
  An efreet (D:15)
  5 yaktaurs
  A rime drake (Lair:4)
  3 komodo dragons
  A freezing wraith (D:15)
  2 wind drakes
  4 merfolk
  A tengu conjurer (D:14)
  4 trolls
  2 hornets
  18 polar bears (IceCv)
  13 blink frogs
  2 dream sheep (Shoals:2)
  A polar bear (shapeshifter) (D:15)
  4 snapping turtles
  11 slime creatures
  9 hippogriffs
  A vampire (D:14)
  4 wraiths
  12 water elementals
  2 wyverns
  3 shadows
  2 fire elementals (Lair:5)
  4 basilisks
  2 fire bats (Lair:5)
  50 yaks
  3 vampire mosquitoes
  2 hungry ghosts
  4 nagas (Lair:4)
  An acid dragon (D:12)
  5 wargs
  16 water moccasins
  A black bear (D:6)
  7 porcupines
  Duvessa (D:7)
  10 ice beasts
  3 sky beasts
  30 orc warriors
  2 phantoms
  2 slaves (D:9)
  2 eyes of draining
  2 necrophages
  32 wolves
  11 ogres
  7 crocodiles
  17 centaurs
  The ghost of nikopol the Covered, an amateur GrFi (D:6)
  13 bullfrogs
  7 big kobolds
  A wyvern zombie (D:10)
  Dowan (D:7)
  7 scorpions
  6 killer bees
  11 wights
  3 howler monkeys (D:9)
  5 crimson imps
  A bullfrog zombie (D:12)
  2 quasits
  12 hounds
  3 centaur zombies
  3 jellies
  Crazy Yiuf (D:3)
  7 centaur skeletons
  14 orc priests
  3 bullfrog skeletons
  4 iguanas
  16 orc wizards
  7 worker ants
  A mummy (Ossuary)
  A worker ant zombie (D:5)
  7 gnolls
  11 adders
  3 shadow imps
  An ooze (D:4)
  An adder zombie (D:9)
  7 worms
  A dart slug (D:1)
  4 leopard geckos
  78 orcs
  3 ball pythons
  4 giant cockroaches
  7 goblins
  7 hobgoblins
  5 quokkas
  5 bats
  12 frilled lizards
  8 gnoll skeletons (Ossuary)
  45 kobolds
  8 kobold skeletons (Ossuary)
  A leopard gecko skeleton (D:9)
  9 orc skeletons (Ossuary)
  A quokka skeleton (D:4)
  10 rats
  8 fungi
  11 plants
836 creatures vanquished.

Vanquished Creatures (others)
  A two-headed ogre (D:14)
  A cyclops (D:14)
  A troll (D:14)
  A hornet (shapeshifter) (D:14)
  A dream sheep (Shoals:2)
  A yak (IceCv)
  2 centaurs (D:14)
  3 wights (D:14)
  2 orc wizards
  A worker ant (D:14)
  An orc (Orc:2)
  A bush (D:6)
  5 fungi
  2 plants
23 creatures vanquished.

Grand Total: 859 creatures vanquished

Notes
Turn   | Place    | Note
-------+----------+-------------------------------------------
     0 | D:1      | piemaster the Minotaur Berserker began the quest for the Orb.
     0 | D:1      | Reached XP level 1. HP: 19/19 MP: 0/0
   193 | D:1      | Reached skill level 4 in Axes
   193 | D:1      | Reached XP level 2. HP: 25/27 MP: 1/1
   530 | D:1      | Reached ** piety under Trog
   870 | D:2      | Reached XP level 3. HP: 33/33 MP: 2/2
  1412 | D:2      | Reached XP level 4. HP: 40/40 MP: 3/3
  1416 | D:2      | Reached skill level 5 in Axes
  1867 | D:3      | Reached XP level 5. HP: 47/47 MP: 4/4
  1871 | D:3      | Reached *** piety under Trog
  2258 | D:3      | Found a runed door.
  2308 | D:3      | Found a hazy altar of Hepliaklqana.
  2545 | D:3      | Noticed Crazy Yiuf
  2549 | D:3      | Killed Crazy Yiuf
  2549 | D:3      | Reached skill level 5 in Fighting
  2549 | D:3      | Reached skill level 6 in Axes
  2935 | D:4      | Reached XP level 6. HP: 54/56 MP: 5/5
  3086 | D:4      | Found a staircase to the Ecumenical Temple.
  3190 | D:5      | Entered Level 5 of the Dungeon
  3221 | D:5      | Noticed an ice beast
  3235 | D:5      | Killed an ice beast
  3291 | D:5      | Reached skill level 7 in Axes
  3555 | D:5      | Noticed a sky beast
  3564 | D:5      | Killed a sky beast
  3564 | D:5      | Reached skill level 5 in Armour
  3564 | D:5      | Reached XP level 7. HP: 62/62 MP: 6/6
  4083 | D:5      | Reached skill level 8 in Axes
  4396 | D:5      | Reached XP level 8. HP: 61/71 MP: 7/7
  4532 | D:5      | Reached skill level 9 in Axes
  4745 | D:6      | Reached **** piety under Trog
  4900 | D:6      | Found a sand-covered staircase.
  4938 | Ossuary  | Entered an ossuary
  5353 | D:6      | Found a blossoming altar of Fedhas.
  5688 | D:6      | Reached skill level 10 in Axes
  5725 | D:6      | Noticed nikopol's ghost (amateur GrFi)
  5735 | D:6      | Killed nikopol's ghost
  6321 | D:7      | Found a snail-covered altar of Cheibriados.
  6366 | D:7      | Noticed Duvessa
  6367 | D:7      | Noticed Dowan
  6374 | D:7      | Killed Duvessa
  6374 | D:7      | Reached XP level 9. HP: 81/81 MP: 8/8
  6378 | D:7      | Killed Dowan
  7295 | D:7      | Reached skill level 11 in Axes
  7323 | D:7      | Reached ***** piety under Trog
  8652 | D:8      | Found a staircase to the Lair.
  8694 | D:8      | Noticed a two-headed ogre
  8700 | D:8      | Killed a two-headed ogre
  8700 | D:8      | Reached skill level 12 in Axes
  8947 | D:8      | Reached XP level 10. HP: 91/91 MP: 9/9
  9231 | D:9      | Found Woaxuosu's Weapon Emporium.
  9244 | D:9      | Found a flagged portal.
  9302 | D:9      | Reached skill level 13 in Axes
  9417 | D:9      | Found a shadowy altar of Dithmenos.
  9442 | D:9      | Received a gift from Trog
  9542 | D:9      | Noticed Pikel
  9551 | D:9      | Killed Pikel
  9551 | D:9      | Reached skill level 10 in Fighting
 10020 | D:10     | Entered Level 10 of the Dungeon
 10038 | D:10     | Reached skill level 10 in Armour
 10040 | D:10     | Noticed Brandom's ghost (journeyman DrSk)
 10082 | D:10     | Killed Brandom's ghost
 10082 | D:10     | Reached skill level 14 in Axes
 10252 | D:10     | Noticed a gargoyle
 10273 | D:9      | Reached XP level 11. HP: 96/101 MP: 10/10
 10473 | D:10     | Found a staircase to the Orcish Mines.
 10901 | D:11     | Noticed a five-headed hydra
 10906 | D:11     | Killed a three-headed hydra
 11198 | D:11     | Got a dazzling leather armour
 11217 | D:11     | Identified the +1 leather armour "Bushraj" {MP+9 Dex+2} (You found it on level 11 of the Dungeon)
 11255 | D:11     | Reached skill level 15 in Axes
 11393 | D:11     | Noticed bmj180's ghost (journeyman MiFi)
 11411 | D:11     | Killed bmj180's ghost
 11450 | D:11     | Noticed a green ugly thing
 11455 | D:11     | Killed a green ugly thing
 11645 | D:12     | Paralysed by a hornet for 1 turns
 11651 | D:12     | Paralysed by a hornet for 1 turns
 11838 | D:12     | Found a frozen archway.
 11874 | IceCv    | Entered an ice cave
 11885 | IceCv    | Reached XP level 12. HP: 105/112 MP: 11/11
 11914 | IceCv    | Reached skill level 16 in Axes
 11916 | IceCv    | Received a gift from Trog
 12053 | IceCv    | Got a brightly glowing marble ring
 12253 | IceCv    | Received a gift from Trog
 12518 | IceCv    | Noticed a frost giant
 12528 | IceCv    | Reached skill level 17 in Axes
 12540 | IceCv    | Killed a frost giant
 13338 | D:12     | Identified the ring of Pitym {Ice MR- MP-9 Str+8 Stlth+} (You found it in an ice cave)
 13729 | D:12     | Noticed loralnil's ghost (journeyman GrFi)
 13844 | D:12     | Killed loralnil's ghost
 13844 | D:12     | Reached XP level 13. HP: 122/122 MP: 3/12
 14229 | D:13     | Found Tus Toank's Antique Armour Emporium.
 14444 | D:13     | Received a gift from Trog
 14616 | D:13     | Reached skill level 18 in Axes
 14813 | D:13     | Received a gift from Trog
 15401 | D:14     | Found a gateway to a bazaar.
 15821 | D:14     | Found a gate to the Vaults.
 15879 | D:14     | Found Wiwi's Assorted Antiques.
 15904 | D:14     | Identified 2 scrolls of acquirement
 15990 | D:14     | Found Wyojit's Distillery.
 16002 | D:14     | Gained mutation: Your movements are slightly less encumbered by armour. (ER -2) [potion of mutation]
 16002 | D:14     | Gained mutation: Your magical capacity is low. (-10% MP) [potion of mutation]
 16002 | D:14     | Gained mutation: You have sharp toenails. [potion of mutation]
 16002 | D:14     | Gained mutation: Your natural rate of healing is unusually fast. [potion of mutation]
 16055 | D:14     | Found a portal to a secret trove of treasure.
 16152 | D:14     | Reached ****** piety under Trog
 16441 | Bazaar   | Entered a bazaar
 16441 | Bazaar   | Found Vanorch's General Store.
 16441 | Bazaar   | Found Dap Coxkayt's General Store.
 16461 | Bazaar   | Found Feimalus's General Store.
 16461 | Bazaar   | Found Mekamn's General Store.
 16474 | Bazaar   | Bought a scroll of blinking for 82 gold pieces
 16492 | Bazaar   | Bought 2 potions of curing for 54 gold pieces
 16507 | Bazaar   | Found Ucvetooxt's General Store.
 16507 | Bazaar   | Found Oxim Bax's General Store.
 16514 | Bazaar   | Bought a potion of curing for 36 gold pieces
 16514 | Bazaar   | Bought a scroll of summoning for 114 gold pieces
 16514 | Bazaar   | Bought a scroll of blinking for 90 gold pieces
 16514 | Bazaar   | Bought a potion of curing for 36 gold pieces
 16518 | Bazaar   | Bought a scroll of identify for 26 gold pieces
 16518 | Bazaar   | Bought a scroll of identify for 26 gold pieces
 16529 | Bazaar   | Found Caufer's General Store.
 16529 | Bazaar   | Found Siwn's General Store.
 16536 | Bazaar   | Bought a scroll of identify for 36 gold pieces
 16578 | D:15     | Entered Level 15 of the Dungeon
 16785 | D:15     | Reached skill level 19 in Axes
 17051 | D:15     | Reached XP level 14. HP: 133/133 MP: 2/11
 17288 | D:15     | Found a staircase to the Depths.
 17743 | Lair:1   | Entered Level 1 of the Lair of Beasts
 17853 | Lair:1   | Found a snail-covered altar of Cheibriados.
 18147 | Lair:1   | Noticed Joseph
 18159 | Lair:1   | Killed Joseph
 18665 | Lair:2   | Reached skill level 15 in Fighting
 18668 | Lair:2   | Received a gift from Trog
 19035 | Lair:2   | Found a labyrinth entrance.
 19135 | Lair:2   | Reached skill level 20 in Axes
 19431 | Lair:3   | Reached skill level 15 in Armour
 20137 | Lair:4   | Found a staircase to the Snake Pit.
 20237 | Lair:4   | Received a gift from Trog
 20336 | Lair:4   | Noticed Rupert
 20341 | Lair:4   | Paralysed by Rupert for 6 turns
 20486 | Lair:4   | Found a staircase to the Shoals.
 20917 | Lair:3   | Killed Rupert
 20917 | Lair:3   | Reached skill level 5 in Dodging
 21500 | Lair:5   | Found a viscous altar of Jiyva.
 21500 | Lair:5   | Found a staircase to the Slime Pits.
 21555 | Lair:5   | Noticed Nessos
 21563 | Lair:5   | Killed Nessos
 21649 | Lair:5   | Reached XP level 15. HP: 133/141 MP: 3/12
 22104 | Orc:1    | Entered Level 1 of the Orcish Mines
 22340 | Orc:2    | Entered Level 2 of the Orcish Mines
 22344 | Orc:2    | Noticed an orc warlord
 22348 | Orc:2    | Found Jiwnazuy's Antique Armour Emporium.
 22410 | Orc:1    | Killed an orc warlord
 22436 | Orc:2    | Received a gift from Trog
 22717 | Orc:2    | Noticed Erolcha
 22723 | Orc:2    | Found Furamuiv's General Store.
 22726 | Orc:2    | Killed Erolcha
 22727 | Orc:2    | Noticed Sonja
 22867 | Orc:2    | Found Buzohugo's Antique Weapon Shop.
 22957 | Orc:2    | Killed Sonja
 22971 | Orc:2    | Reached skill level 21 in Axes
 23096 | Orc:2    | Found a roughly hewn altar of Beogh.
 23200 | Orc:2    | Found a staircase to the Elven Halls.
 23371 | Orc:2    | Found Kufoichu's Jewellery Shop.
 24542 | Snake:1  | Entered Level 1 of the Snake Pit
 24961 | Shoals:1 | Entered Level 1 of the Shoals
 25260 | Shoals:1 | Received a gift from Trog
 26859 | Shoals:3 | Received a gift from Trog
 26991 | Shoals:3 | Reached XP level 16. HP: 152/152 MP: 4/13
 27031 | Shoals:3 | Noticed Aizul
 27043 | Shoals:3 | Killed Aizul
 27069 | Shoals:4 | Entered Level 4 of the Shoals
 27087 | Shoals:4 | HP: 1/152 [satyr/arrow (20)]
 27090 | Shoals:4 | Shot with an arrow by a satyr

Skill      XL: |  1  2  3  4  5  6  7  8  9 10 11 12 13 14 15 |
---------------+----------------------------------------------+-----
Axes           | 4 5 6 7 8 10 12 14 15 17 19 20 21 | 21.8
Fighting       | 4 5 6 7 9 10 12 13 14 15 16 | 16.5
Armour         | 3 4 5 6 7 9 10 11 13 14 15 16 | 16.4
Dodging        | 5 8 |  8.2

Action                   |  1- 3 |  4- 6 |  7- 9 | 10-12 | 13-15 | 16-18 || total
-------------------------+-------+-------+-------+-------+-------+-------++-------
Melee: Hand axe          |    83 |   114 |   357 |   101 |       |       ||   655
       Headbutt          |    16 |    23 |    71 |   128 |   201 |     9 ||   448
       Battleaxe         |       |       |       |   461 |   819 |    28 ||  1308
       Kick              |       |       |       |       |   244 |    13 ||   257
       War axe           |       |       |       |       |    16 |       ||    16
Throw: Tomahawk          |       |       |    12 |     5 |       |       ||    17
       Javelin           |       |       |       |       |    16 |     1 ||    17
Invok: Berserk           |     2 |     3 |     6 |    12 |    16 |     1 ||    40
       Burn Spellbooks   |       |     1 |       |     2 |     2 |       ||     5
       Trog's Hand       |       |       |       |       |       |     1 ||     1
Evoke: Lightning rod     |       |       |       |       |     3 |       ||     3
       Wand              |       |       |       |       |     2 |       ||     2
  Use: Potion            |       |       |    14 |     1 |     3 |     8 ||    26
       Scroll            |       |       |     2 |     1 |    27 |     1 ||    31
  Eat: Chunk             |     2 |     9 |    11 |    22 |    30 |       ||    74
       Ration            |       |       |     4 |     1 |     9 |     1 ||    15
Armor: Leather armour    |    16 |     5 |       |       |       |       ||    21
       Chain mail        |       |    22 |   128 |   362 |   121 |       ||   633
       Skin              |       |       |     2 |       |       |       ||     2
       Plate armour      |       |       |       |       |   328 |    22 ||   350
Dodge: Dodged            |    40 |    64 |   163 |   271 |   457 |    32 ||  1027
